 Dungeon Crawl Stone Soup version 0.31-a0-188-g5e087ee2ca (webtiles) character file.

Game seed: 13544296054687907766

20958 kiwi3s the Fighter (level 12, 0/115 HPs)
             Began as a Minotaur Berserker on June 21, 2023.
             Was a High Priest of Trog.
             Slain by a two-headed ogre
             ... wielding a +0 giant spiked club
              (3 damage)
             ... on level 13 of the Dungeon on June 23, 2023.
             The game lasted 00:27:48 (11421 turns).

kiwi3s the Fighter (Minotaur Berserker)            Turns: 11421, Time: 00:27:49

Health: 0/115      AC: 17    Str: 27    XL:     12   Next: 50%
Magic:  11/11      EV: 14    Int:  4    God:    Trog [*****.]
Gold:   675        SH:  4    Dex: 10    Spells: 11/11 levels left

rFire   . . .        t - +4 hand axe
rCold   . . .        o - +0 buckler
rNeg    . . .        c - +0 scale mail
rPois   +            x - +2 hat {Stlth+}
rElec   .            J - +0 cloak
rCorr   +            G - +1 pair of gloves
SInv    .            m - +0 pair of boots
Will    +....        v - amulet of regeneration
Stlth   +            r - ring of willpower
HPRegen 1.19/turn    u - ring of resist corrosion
MPRegen 0.12/turn

%: no passive effects
@: no status effects
A: horns 2, retaliatory headbutt, mutation resistance 1, poison resistance
a: Renounce Religion, Berserk, Trog's Hand, Brothers in Arms


You were on level 13 of the Dungeon.
You worshipped Trog.
Trog was extremely pleased with you.
You visited 1 branch of the dungeon, and saw 13 of its levels.
You also visited: Ossuary.

You collected 977 gold pieces.
You spent 302 gold pieces at shops.

Inventory:

Hand Weapons
 t - a +4 hand axe (weapon)
Missiles
 a - 4 throwing nets (quivered)
 E - 5 silver boomerangs
 F - 17 boomerangs
Armour
 c - a +0 scale mail (worn)
 m - a +0 pair of boots (worn)
 o - a +0 buckler (worn)
 x - a +2 hat of stealth (worn)
 G - a +1 pair of gloves (worn)
 J - a +0 cloak (worn)
 L - the +1 tower shield "Paorchua" {Slay+3}
   (You found it on level 11 of the Dungeon)

   Slay:      It affects your accuracy & damage with ranged weapons and melee
   (+3).
Jewellery
 r - a ring of willpower (left hand)
 u - a ring of resist corrosion (right hand)
 v - an amulet of regeneration (around neck)
 H - a ring of willpower
Wands
 b - a wand of iceblast (7)
 K - a wand of acid (5)
 M - a wand of flame (11)
Scrolls
 e - 3 scrolls of fog
 f - 8 scrolls of teleportation
 h - a scroll of immolation {unknown}
 i - a scroll of torment {unknown}
 j - 2 scrolls of noise {unknown}
 k - a scroll of revelation {unknown}
 l - 2 scrolls of enchant armour {unknown}
 q - a scroll of brand weapon {unknown}
 s - 3 scrolls of blinking
 w - a scroll of summoning
 y - a scroll of vulnerability {unknown}
 D - 2 scrolls of poison {unknown}
Potions
 d - 4 potions of heal wounds
 g - 14 potions of curing
 n - a potion of enlightenment
 p - 2 potions of attraction
 z - a potion of haste
 A - 4 potions of cancellation
 B - a potion of mutation
 C - 3 potions of brilliance
 I - a potion of ambrosia
 N - a potion of might
 O - a potion of lignification {unknown}


   Skills:
 + Level 13.0 Fighting
 + Level 13.0 Axes
 + Level 12.7 Armour
 + Level 11.7 Dodging
 + Level 2.1 Shields


You had 11 spell levels left.
You didn't know any spells.
Your spell library was empty.

Dungeon Overview and Level Annotations

Branches:
Dungeon (13/15)            Temple (0/1) D:5            Lair (0/5) D:10
    Orc (0/2) D:9         Ossuary (visited)
 Vaults: D:13-14

Altars:
Ashenzari
Makhleb
Okawaru
Sif Muna
Xom
Yredelemnul

Shops:
D:4 ?   D:7 (   D:9 (   D:11 *   D:12 !

Annotations:
D:11 2 runed translucent doors, exclusion: orange crystal statue


Innate Abilities, Weirdness & Mutations

You have a pair of horns on your head.
You reflexively headbutt those who attack you in melee.
You are somewhat resistant to further mutation.
Your system is resistant to poisons. (rPois)


Message History

You kill the komodo dragon!
Trog accepts your kill.
You hit the cyclops.
The cyclops is lightly wounded.
The cyclops hits you!
* * * LOW HITPOINT WARNING * * *
You slash the cyclops!
The cyclops is moderately wounded.
You hit the cyclops but do no damage.
The cyclops is moderately wounded.
The cyclops hits you!
* * * LOW HITPOINT WARNING * * *
You slash the cyclops! You headbutt the cyclops!
The cyclops is severely wounded.
A two-headed ogre comes into view.
It is wielding a +0 giant spiked club and a +0 giant club.
You barely miss the cyclops. You headbutt the cyclops.
The cyclops is severely wounded.
The cyclops misses you.
You slash the cyclops!
The cyclops is almost dead.
You barely miss the cyclops. Your headbutt misses the cyclops.
The cyclops is almost dead.
The cyclops hits you!!
* * * LOW HITPOINT WARNING * * *
You hit the cyclops. You headbutt the cyclops.
You kill the cyclops!
Trog accepts your kill.
Your Axes skill increases to level 13!
Your Shields skill increases to level 2!
Things that are here:
2 large rocks; a cyclops corpse You barely miss the two-headed ogre.
You block the two-headed ogre's attack.
The two-headed ogre hits you with a +0 giant club.
* * * LOW HITPOINT WARNING * * *
You slash the two-headed ogre!
The two-headed ogre is moderately wounded.
You barely miss the two-headed ogre. You headbutt the two-headed ogre.
The two-headed ogre is moderately wounded.
The two-headed ogre hits you with a +0 giant spiked club.
You die...

....... #.....# .......
+.....# .......###.....#
......# ...#...# .....
##..#...# ... #...#...#
########)#######...#...#
..............##O#.#..<#
...............#@#.....#
#+#.##.#########(#.....#
#.##.####....#.#.....#
#.......#....#.#.....#
#...[...#....#.#.....#
..####'####....###.....#
.......................#
#......#..#..#..#...##.#
.......................#


You could see a two-headed ogre.

Vanquished Creatures
  Gastronok (D:10)
  Harold (D:9)
  Erica (D:9)
  A tengu warrior (D:13)
  3 two-headed ogres
  Pikel (D:8)
  An orc knight (D:12)
  3 cyclopes
  Joseph (D:8)
  A gargoyle (D:12)
  A kobold demonologist (D:12)
  A komodo dragon (shapeshifter) (D:13)
  3 unseen horrors
  A tengu conjurer (D:12)
  2 trolls
  Prince Ribbit (D:6)
  A slime creature (D:13)
  A vampire (D:9)
  2 shadows
  3 wraiths
  A wyvern (D:9)
  27 yaks
  Grum (D:9)
  7 vampire mosquitoes
  A warg (D:9)
  4 orc warriors
  Pargi (D:4)
  2 ice beasts
  2 sky beasts
  4 ogres
  3 centaurs
  2 wolves (D:9)
  2 lemures (D:8)
  2 phantoms
  3 kobold brigands (D:12)
  Blork the orc (D:5)
  An elf zombie (Ossuary)
  7 bullfrogs
  4 scorpions
  8 wights (D:8)
  11 killer bees (D:9)
  12 howler monkeys
  A hound (D:5)
  A jelly (D:5)
  13 orc priests
  A gnoll bouda (D:3)
  2 sleepcaps (D:6)
  An iguana (D:5)
  13 orc wizards
  3 mummies (Ossuary)
  6 gnolls
  5 adders
  A shadow imp (D:5)
  2 white imps
  An ufetubus (D:7)
  5 dart slugs
  56 orcs
  5 endoplasms
  A giant cockroach (D:1)
  4 goblins
  7 hobgoblins
  9 kobolds
  2 quokkas
  5 ball pythons
  4 bats
  3 frilled lizards
  A goblin zombie (Ossuary)
  2 hobgoblin zombies (Ossuary)
  2 kobold zombies (Ossuary)
  An orc zombie (Ossuary)
  4 rats
297 creatures vanquished.

Notes
Turn   | Place    | Note
-------+----------+-------------------------------------------
     0 | D:1      | kiwi3s the Minotaur Berserker began the quest for the Orb.
     0 | D:1      | Reached XP level 1. HP: 19/19 MP: 0/0
   298 | D:1      | Reached XP level 2. HP: 20/27 MP: 1/1
  1167 | D:2      | Reached XP level 3. HP: 27/33 MP: 2/2
  1203 | D:2      | Reached ** piety under Trog
  1549 | D:3      | Reached XP level 4. HP: 41/41 MP: 3/3
  1957 | D:3      | Reached XP level 5. HP: 33/47 MP: 4/4
  2129 | D:4      | Found an iron altar of Okawaru.
  2129 | D:4      | Found a burning altar of Makhleb.
  2129 | D:4      | Found a shimmering blue altar of Sif Muna.
  2247 | D:4      | Reached skill level 5 in Fighting
  2247 | D:4      | Reached skill level 5 in Axes
  2332 | D:4      | Reached XP level 6. HP: 56/56 MP: 5/5
  2463 | D:4      | Noticed Pargi
  2469 | D:4      | Killed Pargi
  2498 | D:4      | Reached *** piety under Trog
  2771 | D:4      | Found Tuorufov's Magic Scroll Shoppe.
  2774 | D:4      | Bought a scroll of fog for 44 gold pieces
  2774 | D:4      | Bought a scroll of blinking for 82 gold pieces
  2774 | D:4      | Bought 3 scrolls of teleportation for 99 gold pieces
  2938 | D:5      | Entered Level 5 of the Dungeon
  2942 | D:5      | Found a staircase to the Ecumenical Temple.
  2987 | D:5      | Reached skill level 5 in Armour
  3025 | D:5      | Reached XP level 7. HP: 53/62 MP: 6/6
  3148 | D:5      | Noticed Blork the orc
  3160 | D:5      | Killed Blork the orc
  3476 | D:5      | Reached skill level 5 in Dodging
  3775 | D:5      | Reached XP level 8. HP: 71/71 MP: 7/7
  3925 | D:6      | Noticed Prince Ribbit
  3935 | D:6      | Killed Prince Ribbit
  4768 | D:6      | Reached XP level 9. HP: 81/81 MP: 8/8
  5028 | D:7      | Found a sand-covered staircase.
  5037 | Ossuary  | Entered an ossuary
  5084 | Ossuary  | Reached **** piety under Trog
  5672 | D:7      | Found Tyczixeg's Antique Weapon Shop.
  6441 | D:8      | Noticed Pikel
  6452 | D:8      | Killed Pikel
  6453 | D:8      | Reached XP level 10. HP: 62/91 MP: 9/9
  6540 | D:8      | Identified the +2 long sword "Ihiq" {vamp, Int+4}
  6752 | D:8      | Noticed Joseph
  6790 | D:8      | Killed Joseph
  6952 | D:8      | Reached ***** piety under Trog
  7057 | D:8      | Gained mutation: You are somewhat resistant to further
                  | mutation. [potion of mutation]
  7057 | D:8      | Gained mutation: Your system is resistant to poisons.
                  | (rPois) [potion of mutation]
  7094 | D:9      | Noticed Grum
  7105 | D:9      | Killed Grum
  7142 | D:9      | Reached skill level 10 in Fighting
  7172 | D:9      | Found Buk Qog's Antique Weapon Emporium.
  7235 | D:9      | Reached skill level 10 in Axes
  7323 | D:9      | Found a basalt altar of Yredelemnul.
  7426 | D:9      | Reached skill level 10 in Armour
  7427 | D:9      | Noticed Erica
  7444 | D:9      | Killed Erica
  7502 | D:9      | Reached XP level 11. HP: 84/101 MP: 10/10
  7700 | D:9      | Noticed Harold
  7714 | D:9      | Killed Harold
  7740 | D:9      | Noticed a two-headed ogre
  7840 | D:9      | Found a staircase to the Orcish Mines.
  7866 | D:9      | Killed a two-headed ogre
  8163 | D:9      | Found a broken altar of Ashenzari.
  8280 | D:10     | Entered Level 10 of the Dungeon
  8326 | D:10     | Reached skill level 10 in Dodging
  8496 | D:10     | Found a staircase to the Lair.
  8700 | D:10     | Noticed Gastronok
  8717 | D:10     | Killed Gastronok
  9084 | D:11     | Found a large runed translucent door.
  9085 | D:11     | Found a large runed translucent door.
  9088 | D:11     | Noticed a red ugly thing
  9090 | D:11     | Found a shimmering altar of Xom.
  9090 | D:11     | Noticed a brown ugly thing
  9189 | D:11     | Noticed an orange crystal statue
  9251 | D:11     | Noticed a white ugly thing
  9408 | D:11     | Received a gift from Trog
  9409 | D:11     | Upgraded the game from 0.31-a0-182-gc5ef74bbde to
                  | 0.31-a0-188-g5e087ee2ca
  9505 | D:11     | Identified the +1 tower shield "Paorchua" {Slay+3}
  9751 | D:11     | Found Xocieta's Fire Supplies.
  9855 | D:12     | Noticed a two-headed ogre
  9863 | D:12     | Killed a two-headed ogre
  9942 | D:12     | Reached XP level 12. HP: 113/113 MP: 11/11
 10065 | D:12     | Found Meebuego's Distillery.
 10194 | D:12     | Noticed a two-headed ogre
 10198 | D:12     | Killed a two-headed ogre
 10893 | D:12     | Bought a potion of might for 44 gold pieces
 10893 | D:12     | Bought a potion of attraction for 33 gold pieces
 11174 | D:13     | Noticed a tengu warrior
 11211 | D:13     | Killed a tengu warrior
 11212 | D:13     | Reached skill level 1 in Shields
 11412 | D:13     | Noticed a two-headed ogre
 11415 | D:13     | HP: 2/115 [cyclops (19)]
 11421 | D:13     | Slain by a two-headed ogre

Illustrated notes

Levels and vault maps discovered:
D:1:      wander_arrival_fairy_ring, layout_loops_ring,
          minmay_misc_feat_nine_boxes, hangedman_decor_diamond_cutter,
          serial_bayou_lagoon_b
D:2:      layout_basic
D:3:      layout_rooms, serial_bayou_ford_a, chequers_serial_rivers_micro_d,
          kennysheep_orc_chapel
D:4:      layout_loops_ring, gammafunk_temple_overflow_claw, serial_shops,
          nicolae_shop_rolled_up, uniq_pargi
D:5:      layout_basic, minmay_temple_entry_antechambers,
          hangedman_abyss_or_decor_stabs, serial_bayou_pond_d,
          grunt_ministairs_11, uniq_blork_the_orc
D:6:      layout_loops_cross, chequers_avenue, uniq_prince_ribbit1
D:7:      layout_basic, serial_shops, nicolae_shop_behind_doors,
          lightli_ossuary_entry_decrepit_ruins, grunt_decor_mini_mirrors
D:8:      layout_loops_ring, special_room [special_room_orc],
          chequers_serial_rivers_marsh, uniq_pikel, uniq_joseph
D:9:      layout_basic, mainiacjoe_overflow_alcove_4,
          mainiacjoe_overflow_brackets, david_orc_3, serial_shops,
          nicolae_shop_statue_plus, uniq_grum, uniq_erica, uniq_harold
D:10:     layout_loops_ring, lair_entry_dummy, uniq_gastronok
D:11:     due_chaos_kobolds, layout_long_grid, nicolae_shop_fire_sale
          [nicolae_sub_dead_trees], kennysheep_flooded_box
D:12:     layout_basic, serial_shops, nicolae_inconvenience_store
D:13:     minmay_five_octagons, layout_stronghold, erik_vaults_1,
          fedhas_altar_1, uniq_josephine, uniq_rupert

Skill      XL: |  1  2  3  4  5  6  7  8  9 10 11 12 |
---------------+-------------------------------------+-----
Fighting       | 4 5 6 7 9 10 12 13 | 13.0
Axes           | 4 5 6 7 9 10 12 13 | 13.0
Armour         | 3 4 5 6 7 9 10 12 | 12.7
Dodging        | 3 4 5 6 8 9 11 | 11.7
Shields        | 2 |  2.1

Action                     |  1- 3 |  4- 6 |  7- 9 | 10-12 || total
---------------------------+-------+-------+-------+-------++-------
  Melee: Hand axe          |    74 |    90 |   275 |   679 ||  1118
         Headbutt          |     5 |    16 |    53 |   134 ||   208
         Punch             |       |       |     6 |    12 ||    18
  Throw: Throwing net      |       |       |       |     1 ||     1
 Invoke: Berserk           |     1 |       |     2 |     6 ||     9
    Use: Scroll            |       |       |     5 |     6 ||    11
         Potion            |       |       |       |     1 ||     1
 Armour: Animal skin       |     5 |       |       |       ||     5
         Scale mail        |    20 |    43 |    84 |   318 ||   465
  Dodge: Dodged            |    33 |    48 |   109 |   330 ||   520
  Block: Buckler           |       |       |       |     4 ||     4

Table legend: (Time is in decaauts)
 A = Elapsed time spent in this place.
 B = Non-inter-level travel time spent in this place.
 C = Inter-level travel time spent in this place.
 D = Time resting spent in this place.
 E = Time spent auto-exploring this place.
 F = Levels seen in this place.
 G = Mean time per level.
                   A        B        C        D        E       F      G
               +--------+--------+--------+--------+--------+-----+--------+
         Total |  11358 |  10872 |    486 |    615 |   8227 |  14 |  811.3 |
       Dungeon |  10936 |  10450 |    486 |    615 |   7917 |  13 |  841.2 |
       Ossuary |    421 |    421 |      0 |      0 |    310 |   1 |  421.0 |
               +--------+--------+--------+--------+--------+-----+--------+

Top non-repeatable levels by time:
    D:12: 1241 daAuts
     D:9: 1180 daAuts
     D:6: 1059 daAuts
     D:5: 991 daAuts
     D:1: 970 daAuts
     D:8: 922 daAuts
     D:4: 829 daAuts
    D:11: 776 daAuts
    D:10: 760 daAuts
     D:7: 755 daAuts
     D:2: 618 daAuts
     D:3: 569 daAuts
 Ossuary: 421 daAuts
    D:13: 259 daAuts
